AoeStats
← [RZ] HardZeeiRa-BR

Fortress

509480400Analyzed
3v3 RM · 5d ago on Sep 26, 2026· 74m 14s· 6 players
Game mode
Random Map
Map size
Large (8 player)
Population
200
Speed
Normal
Resources
Standard
Victory
Conquest
Starting age
Dark Age
Ending age
Imperial Age
RankedLock teamsTeams togetherTeam positionsShared explorationLock speedFull tech treeHidden civsTurbo modeCheats
Victory
Defeat
🇧🇷 Mongols · Brazil
1349
+14
🇧🇷 Burgundians · Brazil
1305
+16
🇧🇷 Varangians · Brazil
1190
+22
🇦🇷 Spanish · Argentina
1345
-19
🇦🇷 Burgundians · Argentina
1343
-19
🇦🇷 Italians · Argentina
1222
-14
[RZ] Joãozinho
7:50 Feudal Age
11:34 Castle Age
9:57 Fletching
10:34 Padded Archer Armor
10:33 Double-Bit Axe
10:34 Horse Collar
14:07 Gold Mining
17:56 Bodkin Arrow
17:45 Crossbowman
23:13 Bow Saw
25:38 Loom
27:54 Heavy Plow
28:33 Gold Shaft Mining
33:12 Imperial Age
31:38 Leather Archer Armor
34:04 Wheelbarrow
33:25 Town Watch
34:45 Heavy Scorpion
35:31 Elite Skirmisher
36:17 Bracer
37:59 Chemistry
37:05 Siege Engineers
37:48 Caravan
38:13 Forging
38:42 Ballistics
38:49 Thumb Ring
41:03 Stone Mining
41:38 Scale Mail Armor
41:23 Pikeman
42:03 Squires
41:49 Arson
43:57 Iron Casting
43:37 Chain Mail Armor
44:32 Scale Barding Armor
44:38 Murder Holes
44:53 Masonry
46:37 Blast Furnace
45:22 Light Cavalry
46:13 Bloodlines
46:35 Hussar
47:37 Chain Barding Armor
49:02 Plate Mail Armor
50:20 Heavy Camel Rider
51:01 Husbandry
54:48 Hand Cart
56:30 Conscription
59:23 Fortified Wall
58:39 Man-at-Arms
62:27 Drill
61:31 Elite Mangudai
66:05 Capped Ram
70:48 Siege Ram
72:50 Guard Tower
74:09 Coinage
[Rz] TK_puxa
8:27 Feudal Age
7:00 Double-Bit Axe
7:05 Horse Collar
10:08 Bow Saw
11:21 Heavy Plow
13:29 Castle Age
11:37 Gold Mining
13:28 Forging
13:25 Scale Barding Armor
14:39 Wheelbarrow
13:58 Loom
15:54 Gold Shaft Mining
16:42 Chain Barding Armor
20:31 Iron Casting
20:09 Stone Mining
21:44 Stone Shaft Mining
22:55 Crop Rotation
23:16 Hand Cart
24:08 Burgundian Vineyards
27:39 Two-Man Saw
29:16 Imperial Age
26:55 Town Watch
27:37 Fletching
28:54 Fortified Wall
29:07 Ballistics
28:44 Murder Holes
29:00 Masonry
29:27 Husbandry
29:08 Cavalier
30:26 Conscription
31:02 Paladin
32:26 Bodkin Arrow
32:35 Scale Mail Armor
33:36 Blast Furnace
32:15 Elite Coustillier
33:30 Hoardings
34:09 Chemistry
37:13 Plate Barding Armor
37:34 Bracer
37:34 Padded Archer Armor
38:09 Architecture
37:19 Treadmill Crane
37:19 Light Cavalry
38:39 Hussar
39:36 Elite Skirmisher
40:36 Leather Archer Armor
40:36 Chain Mail Armor
43:31 Town Patrol
44:12 Caravan
74:01 Bombard Tower
74:18 Arrowslits
[RZ] HardZeeiRa-BR
7:31 Feudal Age
8:46 Double-Bit Axe
11:24 Castle Age
9:41 Gold Mining
9:50 Horse Collar
14:10 Loom
17:27 Wheelbarrow
16:49 Vendel Legacy
19:08 Scale Barding Armor
20:38 Bloodlines
20:50 Chain Barding Armor
22:13 Husbandry
22:25 Forging
24:41 Iron Casting
30:34 Stone Mining
30:48 Herbal Medicine
33:58 Imperial Age
34:28 Fletching
34:02 Cavalier
35:07 Conscription
36:08 Plate Barding Armor
35:24 Cranequins
44:19 Stone Shaft Mining
44:38 Heavy Plow
47:25 Caravan
49:34 Bow Saw
50:12 Hand Cart
50:34 Scale Mail Armor
50:30 Bodkin Arrow
52:38 Elite Skirmisher
53:29 Bracer
58:37 Conscription
61:02 Blast Furnace
59:29 Light Cavalry
60:11 Padded Archer Armor
63:49 Hussar
69:53 Chemistry
68:34 Treadmill Crane
73:16 Chain Mail Armor
73:18 Leather Archer Armor
El VieJoOo
6:17 Feudal Age
5:05 Double-Bit Axe
5:06 Horse Collar
12:27 Castle Age
11:35 Bow Saw
11:38 Heavy Plow
17:00 Wheelbarrow
16:54 Loom
22:08 Hand Cart
22:01 Gold Mining
25:14 Imperial Age
23:41 Town Watch
27:24 Forging
27:31 Squires
27:56 Scale Mail Armor
27:24 Pikeman
28:13 Halberdier
29:37 Chain Mail Armor
29:57 Iron Casting
31:47 Arson
32:35 Plate Mail Armor
33:05 Blast Furnace
34:29 Scale Barding Armor
35:35 Conscription
35:24 Burgundian Vineyards
35:56 Crop Rotation
36:02 Gold Shaft Mining
35:17 Stone Mining
36:44 Fletching
36:55 Padded Archer Armor
38:43 Bodkin Arrow
39:04 Leather Archer Armor
38:12 Elite Skirmisher
43:43 Bracer
44:53 Chemistry
44:14 Ballistics
44:23 Elite Coustillier
45:34 Chain Barding Armor
45:27 Caravan
47:09 Plate Barding Armor
46:12 Capped Ram
51:05 Husbandry
51:55 Masonry
51:25 Treadmill Crane
51:56 Fortified Wall
63:20 Light Cavalry
MatoSM
6:48 Feudal Age
7:18 Double-Bit Axe
7:17 Horse Collar
11:15 Wheelbarrow
13:17 Castle Age
11:20 Gold Mining
12:24 Forging
14:59 Loom
17:01 Scale Barding Armor
17:56 Heavy Plow
20:57 Iron Casting
22:00 Town Watch
23:27 Inquisition
23:47 Hand Cart
23:39 Stone Mining
25:52 Bow Saw
30:04 Imperial Age
27:39 Town Patrol
30:16 Elite Conquistador
32:01 Blast Furnace
31:22 Chain Barding Armor
31:26 Ballistics
31:02 Murder Holes
31:42 Conscription
33:48 Two-Man Saw
37:22 Plate Barding Armor
36:59 Bloodlines
43:06 Husbandry
42:27 Cavalier
42:33 Light Cavalry
44:03 Hussar
45:58 Fletching
46:22 Masonry
47:13 Chemistry
47:04 Coinage
46:35 Caravan
53:19 Banking
54:02 Bodkin Arrow
71:19 Stone Shaft Mining
MR.LEcoso
7:23 Feudal Age
6:42 Loom
8:31 Double-Bit Axe
9:00 Horse Collar
12:15 Castle Age
11:46 Padded Archer Armor
11:38 Fletching
13:29 Bow Saw
14:06 Town Watch
15:33 Bodkin Arrow
18:28 Wheelbarrow
18:45 Gold Mining
20:25 Ballistics
22:36 Hand Cart
23:26 Stone Mining
28:30 Imperial Age
28:17 Leather Archer Armor
30:41 Chemistry
30:05 Conscription
31:13 Heavy Plow
33:00 Bracer
33:31 Ring Archer Armor
34:15 Scale Mail Armor
34:25 Forging
35:19 Squires
35:05 Arson
36:22 Chain Mail Armor
36:14 Pikeman
37:28 Fortified Wall
36:59 Treadmill Crane
37:29 Masonry
43:13 Caravan
44:28 Plate Mail Armor
48:43 Iron Casting
73:32 Bloodlines
73:23 Husbandry
72:46 Light Cavalry
Connection lost

Rejoining the realm…

Still unreachable

The connection could not be restored.

Session expired

The server has moved on; the page needs a fresh start.